 Dungeon Crawl Stone Soup version bcrawl-1.39.1 (webtiles) character file.

Game seed: 12664794603809806366

324532 Lazarus1551 the Thaumaturge (level 10, -4/73 HPs)
             Began as an Oni Earth Elementalist on Sept 30, 2023.
             Was a Follower of Ashenzari.
             Slain by an orc berserker
             ... wielding a +0 war axe
              (17 damage)
             ... on level 10 of the Dungeon.
             The game lasted 00:30:22 (7890 turns).

Lazarus1551 the Thaumaturge (OnEE)                  Turns: 7890, Time: 00:30:23

Health: -4/73      AC: 14    Str: 12    XL:     10   Next: 59%
Magic:  6/26       EV: 10    Int: 19    God:    Ashenzari [*.....]
Gold:   637        SH:  4    Dex: 12    Spells: 5/29 levels left

rFire    + . .     GDR:     27% P - +4 scimitar (flame)
rCold    . . .     SeeInvis +   a - +0 buckler
rNeg     . . .     Gourm    .   p - +4 ring mail {rF+}
rPois    +         Faith    .   (helmet restricted)
rElec    .         Spirit   .   (no cloak)
rCorr    .         Reflect  .   J - +0 pair of gloves
MR       .....                  N - +2 pair of boots
Stlth    +.........             F - amulet of Vision {SInv *Curse} (curse)
HPRegen  0.22/turn              B - ring of poison resistance
MPRegen  0.20/turn              (no ring)

@: no status effects
A: oni magic, claws 1, fangs 1, horns 1
a: Curse Item, Renounce Religion


You were on level 10 of the Dungeon.
You worshipped Ashenzari.
Ashenzari was aware of your devotion.
You were not hungry.

You visited 2 branches of the dungeon, and saw 11 of its levels.

You collected 637 gold pieces.

Inventory:

Hand Weapons
 c - a +1 war axe of chopping
 o - a +1 dagger of venom
 t - a +0 lajatang
 A - a cursed -3 falchion
 I - a +2 falchion of electrocution
 K - a +1 rapier of speed
 P - a +4 scimitar of flaming (weapon)
Missiles
 b - 96 stones (quivered)
 r - 86 poisoned needles
Armour
 a - a +0 buckler (worn)
 p - a +4 ring mail of fire resistance (worn)
 D - a +2 ring mail of cold resistance
 J - a +0 pair of gloves (worn)
 N - a +2 pair of boots (worn)
Jewellery
 B - a ring of poison resistance (left hand)
 F - the cursed amulet of Vision (around neck) {SInv *Curse}
   (You found it in the Ecumenical Temple)

   [amulet of nothing]

   It lets you see invisible.
   It curses itself when equipped.
   It has a curse placed upon it.
Wands
 w - a wand of acid (3)
 E - a wand of flame (25)
 G - a wand of iceblast (9)
Scrolls
 d - a scroll of immolation {unknown}
 h - 3 scrolls of remove curse
 i - 10 scrolls of identify
 j - 2 scrolls of enchant armour
 k - 6 scrolls of teleportation
 m - a scroll of enchant weapon {unknown}
 q - a scroll of amnesia {unknown}
 s - a scroll of fear {unknown}
 v - 2 scrolls of noise {unknown}
 y - a scroll of revelation {unknown}
 M - a scroll of fog {unknown}
 Q - a scroll of vulnerability {unknown}
Potions
 f - 3 potions of flight
 g - a potion of magic
 l - a potion of curing
 n - 2 potions of lignification
 u - 2 potions of heal wounds {unknown}
 x - a potion of berserk rage
 z - 4 potions of brilliance {unknown}
 C - 3 potions of haste
 H - a potion of mutation {unknown}
 O - 2 potions of might {unknown}
Comestibles
 e - 17 rations {!d}
 L - 4 chunks of flesh


   Skills:
 - Level 2.2(2.4) Fighting
 - Level 0.1 Axes
 - Level 3.3(3.6) Armour
 - Level 3.3(3.6) Dodging
 - Level 1.7(2.0) Stealth
 - Level 1.0(1.2) Shields
 - Level 2.0(2.2) Unarmed Combat
 * Level 10.3(10.6) Spellcasting
   Level 10.3(10.6) Conjurations
   Level 10.3(10.6) Hexes
   Level 10.3(10.6) Charms
   Level 10.3(10.6) Summonings
   Level 10.3(10.6) Necromancy
   Level 10.3(10.6) Translocations
   Level 10.3(10.6) Transmutations
   Level 10.3(10.6) Fire Magic
   Level 10.3(10.6) Ice Magic
   Level 10.3(10.6) Air Magic
   Level 10.3(10.6) Earth Magic
   Level 10.3(10.6) Poison Magic


You had 5 spell levels left.
You knew the following spells:

 Your Spells              Type           Power        Failure   Level  Hunger
a - Sandblast             Erth           ######       1%          1    None
b - Passwall              Tmut/Erth      ######..     1%          2    None
c - Airstrike             Air            ######....   2%          4    None
d - Stone Arrow           Conj/Erth      ######       1%          3    None
e - Agony                 Necr           ######..     2%          4    None
f - Lee's Rapid Deconstr  Erth           ######....   7%          5    ###....
g - Summon Lightning Spi  Summ/Air       ######..     13%         5    ###....

Your spell library contained the following spells:

 Spells                   Type           Power        Failure   Level  Hunger
 Summon Butterflies       Summ           ######..     1%          1    None
 Ensorcelled Hibernation  Hex/Ice        ######       1%          2    None
 Petrify                  Tmut/Erth      ######....   4%          4    None


Dungeon Overview and Level Annotations

Branches:
Dungeon (10/12)            Temple (1/1) D:5            Lair (0/6) D:8
    Orc: D:8-11

Altars:
Ashenzari
Dithmenos
Hepliaklqana
Kikubaaqudgha
Makhleb
Nemelex Xobeh
Okawaru
Qazlal
Ru
Trog
Uskayaw
Vehumet
Wu Jian
Xom
Yredelemnul

Shops:
D:6 :   D:9 :((*


Innate Abilities, Weirdness & Mutations

You learn spells by gaining experience, not through books or religion.
You only train spellcasting to practice magic.
You have sharp fingernails.
You have very sharp teeth.
You have a pair of small horns on your head.


Message History

The gnoll is severely wounded.
You hear a shout!
An orc berserker comes into view. It is wielding a +0 war axe.
Casting: Summon Lightning Spire (slightly dangerous; 13% risk of failure)
Confirm with . or Enter, or press ? or * to list all spells.
Aiming: Passwall (safe; 1% risk of failure)
Press: ? - help, Dir - move target cursor, p - orc berserker The orc berserker drinks a potion.
The orc berserker goes berserk!
You begin to meditate on the wall.
You continue meditating on the barrier. x2
The orc berserker closely misses you.
You continue meditating on the barrier.
The orc berserker hits you with a +0 war axe!!
* * * LOW HITPOINT WARNING * * *
The gnoll barely misses you.
The orc berserker hits you with a +0 war axe.
* * * LOW HITPOINT WARNING * * *
You continue meditating on the barrier.
The gnoll closely misses you.
The orc berserker hits you with a +0 war axe!
You die...

.....###.##
#...##
###.# #.##
#.#.##
##.###.##
#.# ##.#
##.###.##
#.#@## #go#
##g# #o#
#.# #.# #..
#.. #..#


You could see 2 orc berserkers and 2 gnolls.

Vanquished Creatures
  2 efreet (D:10)
  A komodo dragon (D:8)
  A yaktaur (D:10)
  A hippogriff (D:4)
  A shadow (D:10)
  4 hogs (D:7)
  A human (D:7)
  Menkaure (D:5)
  A water moccasin (D:9)
  A hornet zombie (D:10)
  2 ice beasts
  A black bear (D:9)
  7 ogres
  2 orc warriors
  3 bullfrogs
  A wyvern zombie (D:7)
  3 centaurs
  A scorpion (D:7)
  3 wights (D:9)
  2 howler monkeys
  4 orc priests
  3 crimson imps
  3 bullfrog zombies
  6 hounds
  A bullfrog skeleton (D:5)
  3 jellies
  An orc wizard (D:8)
  An iguana (D:9)
  7 worker ants
  A killer bee zombie (D:6)
  A worker ant zombie (D:5)
  4 gnolls
  9 adders
  3 shadow imps
  An adder skeleton (D:6)
  5 worms
  A dart slug (D:2)
  6 leopard geckos
  15 orcs
  2 giant cockroaches (D:1)
  5 goblins
  13 hobgoblins
  14 jackals
  6 kobolds
  A quokka (D:4)
  4 ball pythons
  6 bats
  4 frilled lizards
  A jackal skeleton (D:5)
  A quokka zombie (D:5)
  12 rats
  A plant (D:8)
184 creatures vanquished.

Vanquished Creatures (others)
  An orc (D:6)
  2 jackals (D:6)
3 creatures vanquished.

Grand Total: 187 creatures vanquished

Notes
Turn   | Place    | Note
-------+----------+-------------------------------------------
     0 | D:1      | Lazarus1551 the Oni Earth Elementalist began the quest for
                  | the Orb.
     0 | D:1      | Reached XP level 1. HP: 14/14 MP: 6/6
    91 | D:1      | Reached XP level 2. HP: 13/20 MP: 7/7
   141 | D:1      | Reached skill level 3 in Spellcasting
   303 | D:1      | Reached XP level 3. HP: 26/26 MP: 6/9
   924 | D:2      | Found a white marble altar of Elyvilon.
   974 | D:2      | Reached XP level 4. HP: 26/33 MP: 6/11
  1527 | D:2      | Learned a level 2 spell: Passwall
  1690 | D:3      | Reached XP level 5. HP: 38/38 MP: 10/12
  1746 | D:3      | Reached skill level 4 in Spellcasting
  2042 | D:3      | Found an iron altar of Okawaru.
  2140 | D:3      | Reached skill level 1 in Fighting
  2359 | D:3      | Reached XP level 6. HP: 47/47 MP: 12/14
  2451 | D:4      | Found a sacrificial altar of Ru.
  2532 | D:4      | Found a stormy altar of Qazlal.
  2534 | D:4      | Found a basalt altar of Yredelemnul.
  2545 | D:4      | Found a sparkling altar of Nemelex Xobeh.
  2903 | D:4      | Reached skill level 1 in Armour
  2973 | D:4      | Noticed a hippogriff
  3296 | D:4      | Reached XP level 7. HP: 52/52 MP: 13/16
  3310 | D:4      | Found a hide-covered altar of Uskayaw.
  3313 | D:4      | Found a glowing silver altar of Zin.
  3316 | D:4      | Found a shimmering altar of Xom.
  3364 | D:4      | Killed a hippogriff
  3365 | D:4      | Reached skill level 5 in Spellcasting
  3435 | D:5      | Entered Level 5 of the Dungeon
  3544 | D:5      | Found a staircase to the Ecumenical Temple.
  3554 | Temple   | Entered the Ecumenical Temple
  3607 | Temple   | Became a worshipper of Ashenzari the Shackled
  3608 | Temple   | Found the cursed amulet of Vision {SInv *Curse}
  3775 | D:5      | Noticed Menkaure
  3787 | D:5      | Killed Menkaure
  3788 | D:5      | Reached XP level 8. HP: 20/61 MP: 14/18
  4250 | D:5      | Reached skill level 1 in Shields
  4541 | D:6      | Reached skill level 6 in Spellcasting
  4715 | D:6      | Found Mic Obra's Book Emporium.
  5280 | D:7      | Reached skill level 7 in Spellcasting
  5280 | D:7      | Reached XP level 9. HP: 44/67 MP: 13/21
  5793 | D:7      | Reached skill level 8 in Spellcasting
  5977 | D:7      | Noticed a two-headed ogre
  6002 | D:7      | Learned a level 4 spell: Airstrike
  6410 | D:8      | Found a shimmering altar of Xom.
  6411 | D:8      | Found a shimmering altar of Xom.
  6411 | D:8      | Found a shimmering altar of Xom.
  6411 | D:8      | Found a shimmering altar of Xom.
  6411 | D:8      | Found a shimmering altar of Xom.
  6412 | D:8      | Found a shimmering altar of Xom.
  6412 | D:8      | Found a shimmering altar of Xom.
  6412 | D:8      | Found a shimmering altar of Xom.
  6598 | D:8      | Learned a level 3 spell: Stone Arrow
  6603 | D:8      | Learned a level 4 spell: Agony
  6777 | D:8      | Found a staircase to the Lair.
  6778 | D:8      | Noticed a komodo dragon
  6789 | D:8      | Killed a komodo dragon
  6790 | D:8      | Reached skill level 9 in Spellcasting
  6790 | D:8      | Reached XP level 10. HP: 73/73 MP: 0/25
  7047 | D:9      | Found Oleneim's Antique Weapon Emporium.
  7204 | D:9      | Reached * piety under Ashenzari
  7205 | D:9      | Found Siargh's Weapon Shoppe.
  7369 | D:9      | Found Foma's Assorted Antiques.
  7451 | D:9      | Found Rapson's Book Shop.
  7602 | D:10     | Entered Level 10 of the Dungeon
  7602 | D:10     | Noticed a two-headed ogre
  7630 | D:9      | Learned a level 5 spell: Lee's Rapid Deconstruction
  7636 | D:9      | Learned a level 5 spell: Summon Lightning Spire
  7748 | D:10     | Reached skill level 10 in Spellcasting
  7890 | D:10     | Slain by an orc berserker

Skill      XL: |  1  2  3  4  5  6  7  8  9 10 |
---------------+-------------------------------+-----
Spellcasting   | 3 4 5 7 9 10 | 10.3
Dodging        | 2 3 |  3.3
Unarmed Combat | 2 |  2.0
Fighting       | 1 2 |  2.2
Armour         | 1 3 |  3.3
Shields        | 1 |  1.0
Axes           | |  0.1
Stealth        | |  1.7
Conjurations   | | 10.3
Hexes          | | 10.3
Charms         | | 10.3
Summonings     | | 10.3
Necromancy     | | 10.3
Translocations | | 10.3
Transmutations | | 10.3
Fire Magic     | | 10.3
Ice Magic      | | 10.3
Air Magic      | | 10.3
Earth Magic    | | 10.3
Poison Magic   | | 10.3

Action                   |  1- 3 |  4- 6 |  7- 9 | 10-12 || total
-------------------------+-------+-------+-------+-------++-------
Melee: Unarmed           |    83 |    47 |       |       ||   130
       Headbutt          |     9 |    15 |    29 |    10 ||    63
       Bite              |     7 |     5 |    10 |     7 ||    29
       Dagger            |       |    26 |       |       ||    26
       War axe           |       |    28 |    55 |       ||    83
       Falchion          |       |       |   114 |    62 ||   176
       Scimitar          |       |       |       |    12 ||    12
Throw: Stone             |       |       |    10 |       ||    10
 Cast: Sandblast         |    24 |    29 |    54 |     6 ||   113
       Passwall          |       |     7 |     5 |     4 ||    16
       Airstrike         |       |       |     8 |    22 ||    30
       Agony             |       |       |       |     4 ||     4
Evoke: Wand              |       |       |     2 |     1 ||     3
  Use: Scroll            |       |     8 |     1 |       ||     9
       Potion            |       |       |     1 |       ||     1
 Stab: Sleeping          |     2 |     2 |       |       ||     4
  Eat: Chunk             |     2 |    11 |    19 |     8 ||    40
Armor: Animal skin       |    17 |    10 |       |       ||    27
       Ring mail         |       |    34 |   102 |    29 ||   165
Dodge: Dodged            |    49 |    56 |   102 |    33 ||   240
Block: Buckler           |       |     3 |    44 |    21 ||    68
